 Dungeon Crawl Stone Soup version 0.25.1-1-g288607f5aa (webtiles) character file.

Game seed: 11061560995661126421

81867 GameOver the Thaumaturge (level 15, -1/123 HPs)
             Began as a Naga Wizard on July 20, 2020.
             Was the Champion of Okawaru.
             Slain by a redback (15 damage)
             ... on level 1 of the Spider Nest on July 24, 2020.
             The game lasted 03:39:11 (24712 turns).

GameOver the Thaumaturge (Naga Wizard)             Turns: 24712, Time: 03:39:11

Health: -1/123     AC:  5    Str:  9    XL:     15   Next: 71%
Magic:  5/39       EV:  7    Int: 30    God:    Okawaru [******]
Gold:   1490       SH:  5    Dex: 14    Spells: 10/37 levels left

rFire    + . .     SeeInvis +   w - +5 scimitar (vamp)
rCold    . . .     Gourm    .   (no shield)
rNeg     . . .     Faith    .   D - +2 troll leather armour {Snorg}
rPois    +         Spirit   .   o - +2 helmet {SInv}
rElec    .         Reflect  +   r - +0 cloak
rCorr    .         Harm     .   p - +2 pair of gloves of Whack-A-Mole {Dex+3}
MR       +....                  a - +3 naga barding {rF+}
Stlth    ++++......             T - amulet of reflection
HPRegen  0.70/turn              f - +6 ring of intelligence
MPRegen  0.26/turn              y - ring of magical power

@: corroded, very slow
A: large, see invisible, deformed body, poison resistance, slowness 2, slow
metabolism 1, spit poison 1, constrict 1, AC +5
a: Spit Poison, Heroism, Finesse, Renounce Religion


You were on level 1 of the Spider Nest.
You worshipped Okawaru.
Okawaru was exalted by your worship.
You were not hungry.

You visited 5 branches of the dungeon, and saw 25 of its levels.
You also visited: Sewer.

You collected 2762 gold pieces.
You spent 1272 gold pieces at shops.

Inventory:

Hand Weapons
 w - a +5 vampiric scimitar (weapon)
 X - the +10 morningstar "Eos" {elec, Halo rElec}
   (You found it on level 1 of the Lair of Beasts)

   Occasionally, upon striking a foe, it will discharge some electrical energy
   and cause terrible harm.
   It insulates you from electricity.
Missiles
 C - 3 throwing nets (quivered)
Armour
 a - a +3 naga barding of fire resistance (worn)
 o - a +2 helmet of see invisible (worn)
 p - the +2 pair of gloves of Whack-A-Mole (worn) {Dex+3}
   (Okawaru gifted it to you on level 13 of the Dungeon)

   It affects your dexterity (+3).
 r - a +0 cloak (worn)
 D - a +2 troll leather armour (worn) {Snorg}
Jewellery
 e - the ring "Paskib" {rF+ Str-5 Int+3 Dex+6, unknown}
   (You found it on level 1 of the Spider Nest)

   [ring of dexterity]

   It affects your strength (-5).
   It affects your intelligence (+3).
   It affects your dexterity (+6).
   It protects you from fire.
 f - a +6 ring of intelligence (left hand)
 m - an uncursed ring of resist corrosion
 y - a ring of magical power (right hand)
 L - an uncursed ring of protection from cold
 S - an uncursed ring of protection from magic
 T - an amulet of reflection (around neck)
Wands
 l - a wand of paralysis (6)
 z - a wand of digging (14)
 E - a wand of acid (33)
 F - a wand of polymorph (7)
 P - a wand of disintegration (20)
Scrolls
 b - 4 scrolls of fog
 c - 4 scrolls of blinking
 g - 10 scrolls of remove curse
 k - 9 scrolls of teleportation
 n - a scroll of magic mapping
 t - 3 scrolls of identify
 u - a scroll of amnesia
 x - 2 scrolls of fear
 H - a scroll of enchant weapon
Potions
 i - 9 potions of curing
 j - 3 potions of cancellation
 q - 5 potions of heal wounds
 s - 2 potions of invisibility
 A - 2 potions of berserk rage
 B - 3 potions of haste
 K - 4 potions of flight
 M - 7 potions of brilliance
 N - 2 potions of stabbing
 O - a potion of resistance
 V - 3 potions of magic
 Z - 5 potions of might
Miscellaneous
 U - a lightning rod (4/4)
 W - a box of beasts
Comestibles
 d - 38 rations
 h - a chunk of flesh


   Skills:
 - Level 5.0 Fighting
 - Level 6.0 Long Blades
 - Level 3.0 Maces & Flails
 - Level 5.0 Armour
 - Level 1.5 Dodging
 - Level 9.0 Stealth
   Level 2.1 Shields
 + Level 11.8 Spellcasting
 + Level 9.6 Conjurations
 - Level 9.0 Hexes
 * Level 7.8 Charms
 - Level 9.0 Summonings
 - Level 3.0 Translocations
 - Level 9.0 Air Magic
 - Level 9.0 Poison Magic
 - Level 3.0 Invocations
 - Level 5.0 Evocations


You had 10 spell levels left.
You knew the following spells:

 Your Spells              Type           Power        Failure   Level  Hunger
a - Magic Dart            Conj           ####         1%          1    None
b - Blink                 Tloc           N/A          1%          2    None
c - Slow                  Hex            ######..     1%          2    None
d - Mephitic Cloud        Conj/Pois/Air  ######..     1%          3    None
f - Conjure Flame         Conj/Fire      #####...     1%          3    None
q - Summon Lightning Spi  Summ/Air       ######..     1%          4    None
s - Dazzling Flash        Conj/Hex       ######       1%          3    None
v - Cause Fear            Hex            ######....   1%          4    None
z - Iskenderun's Battles  Conj/Chrm      ######..     3%          5    ##.....

Your spell library contained the following spells:

 Spells                   Type           Power        Failure   Level  Hunger
 Apportation              Tloc           #####.       1%          1    None
 Corona                   Hex            ######.      1%          1    None
 Infusion                 Chrm           ####         1%          1    None
 Summon Butterflies       Summ           ######..     1%          1    None
 Summon Small Mammal      Summ           ####         1%          1    None
 Call Imp                 Summ           ######..     1%          2    None
 Ensorcelled Hibernation  Hex/Ice        #####.       1%          2    None
 Shroud of Golubria       Chrm/Tloc      ######       1%          2    None
 Song of Slaying          Chrm           ######..     1%          2    None
 Swiftness                Chrm/Air       ######..     1%          2    None
 Call Canine Familiar     Summ           ######..     1%          3    None
 Confusing Touch          Hex            ######..     1%          3    None
 Inner Flame              Hex/Fire       #####...     1%          3    None
 Portal Projectile        Hex/Tloc       ######       1%          3    None
 Spectral Weapon          Hex/Chrm       ######..     1%          3    None
 Summon Guardian Golem    Hex/Summ       ######..     1%          3    None
 Tukima's Dance           Hex            ######..     1%          3    None
 Ozocubu's Armour         Chrm/Ice       #####...     2%          3    None
 Silence                  Hex/Air        ######....   2%          5    ##.....
 Lesser Beckoning         Tloc           #####.....   3%          3    None
 Summon Ice Beast         Ice/Summ       #####...     6%          4    None
 Invisibility             Hex            ######..     14%         6    ####...
 Alistair's Intoxication  Tmut/Pois      #####...     17%         5    ##.....
 Yara's Violent Unravell  Hex/Tmut       #####.....   17%         5    ##.....
 Discord                  Hex            ######....   99%         8    #######


Dungeon Overview and Level Annotations

Branches:
Dungeon (15/15)            Temple (1/1) D:6            Lair (6/6) D:10
  Swamp (0/4) Lair:4       Spider (1/4) Lair:4        Slime (0/5) Lair:5
    Orc (2/2) D:12            Elf (0/3) Orc:2        Vaults (0/5) D:13
 Depths (0/5) D:15          Sewer (visited)

Altars:
Ashenzari
Cheibriados
Dithmenos
Elyvilon
Fedhas
Gozag
Hepliaklqana
Kikubaaqudgha
Makhleb
Nemelex Xobeh
Okawaru
Qazlal
Ru
Sif Muna
Trog
Uskayaw
Vehumet
Wu Jian
Xom
Yredelemnul
Zin
The Shining One
Jiyva

Shops:
D:6 %   D:15 *   Orc:2 **(:

Portals:
Trove: D:13 (give +3 shadow dragon scales)


Innate Abilities, Weirdness & Mutations

You cannot wear boots.
Your serpentine skin is tough. (AC +5)
You have supernaturally acute eyesight. (SInv)
Armour fits poorly on your strangely shaped body.
Your system is resistant to poisons. (rPois)
You cover ground very slowly.
You have a slow metabolism.
You can spit poison.
You can use your snake-like lower body to constrict enemies.


Message History

The redback appears confused.
Your lightning spire shoots out a bolt of lightning at the redback!
The bolt of electricity hits the redback!!
The redback dies!
Okawaru accepts your kill.
Unknown command.
Unknown command.
Unknown command.
Unknown command.
What are your orders? t - Shout!
Orders for allies: a - Attack new target. p - Attack previous target. r - Retreat! s - Stop attacking. g - Guard the area. f - Follow me.
Anything else - Cancel.
Gang up on whom?
Press: ? - help, Dir - move target cursor, f - entropy weaver, p - redback
Aim: an entropy weaver (severely wounded, confused) Attack!
The redback bites you!
You die...

##^..###..###......
#.....#.........#
#.....##.........#
..........#.......
.#.....#†°##.###..
####.a☼☼°###### # #
#.....☼.8# .###.
#§§☼.###..####....
#@§.##.#####.....#
#s§☼.....#.#.....#
##.##†...#.>.##..#
###........##...#
###.†...†....##...
#.......†..#####..
#......###.# ##.
#.....### ### ##
#..^##. #


You could see an entropy weaver (confused), a redback (confused) and a friendly
lightning spire (summoned).

Vanquished Creatures
  Nessos (D:14)
  Snorg (D:12)
  An ogre mage (Orc:2)
  A fire dragon (Lair:6)
  Harold (D:7)
  A catoblepas (D:13)
  2 hydras
  2 centaur warriors
  11 two-headed ogres
  A queen ant (shapeshifter) (D:15)
  5 death yaks (Lair:4)
  Nergalle (Lair:2)
  2 deep trolls (Orc:2)
  A glowing orange brain (D:15)
  An unseen horror (D:11)
  A lindwurm (Lair:6)
  Pikel (D:5)
  3 wolf spiders (Spider:1)
  6 orb spiders (Spider:1)
  A deep elf mage (D:13)
  An orc sorcerer (Orc:1)
  8 ugly things
  4 cyclopes
  9 elephants
  6 black mambas
  2 molten gargoyles (Lair:6)
  2 gargoyles
  7 spiny frogs
  A kobold demonologist (D:15)
  A komodo dragon (shapeshifter) (D:15)
  6 komodo dragons
  A demonic crawler (Spider:1)
  2 jumping spiders (Spider:1)
  A meliai (D:13)
  9 trolls
  A polar bear (Lair:6)
  4 hornets
  4 slime creatures
  10 hippogriffs
  Prince Ribbit (D:6)
  A bog body (Lair:4)
  A hippogriff (shapeshifter) (D:15)
  11 blink frogs
  4 tarantellas (Spider:1)
  6 redbacks
  Sigmund (D:2)
  A water elemental (D:12)
  9 wyverns
  28 yaks
  A wyvern (shapeshifter) (D:14)
  A yak (shapeshifter) (D:14)
  3 hogs (D:7)
  2 hungry ghosts
  3 steam dragons (Lair:6)
  10 humans
  2 wraiths
  6 basilisks
  2 swamp worms
  An acid dragon (D:15)
  A warg (Orc:1)
  A soldier ant (D:13)
  12 water moccasins
  3 hell hounds (Lair:6)
  A porcupine (Lair:1)
  A nameless horror (D:12)
  2 black bears
  28 orc warriors
  3 sky beasts
  A hornet zombie (D:14)
  6 ice beasts
  A necrophage (D:10)
  28 ogres
  2 phantoms
  5 wolves
  12 centaurs
  6 crocodiles
  2 big kobolds
  17 bullfrogs
  2 wyvern skeletons (D:8)
  5 scorpions
  5 killer bees
  A wight (D:8)
  3 electric eels
  A howler monkey (D:2)
  A centaur zombie (D:7)
  5 lava snakes (Lair:6)
  8 crimson imps
  2 quasits (D:8)
  A bullfrog zombie (D:8)
  5 hounds
  3 jellies
  20 orc priests
  4 bullfrog skeletons
  4 centaur skeletons
  A gnoll shaman (D:6)
  5 iguanas
  Jessica (D:3)
  46 orc wizards
  9 worker ants
  2 hound skeletons
  A worker ant zombie (D:8)
  3 gnolls (D:6)
  13 adders
  2 shadow imps
  2 adder skeletons (D:4)
  2 adder zombies
  3 worms
  2 dart slugs
  6 leopard geckos
  113 orcs
  9 bats
  9 giant cockroaches
  6 goblins
  7 hobgoblins
  12 jackals
  2 quokkas
  3 ball pythons
  3 frilled lizards (D:1)
  14 kobolds
  A leopard gecko skeleton (D:8)
  A quokka zombie (D:8)
  3 rats
  15 plants
715 creatures vanquished.

Vanquished Creatures (collateral kills)
  2 hydras
  A rakshasa (D:15)
  3 centaur warriors
  Erica (Lair:1)
  2 two-headed ogres
  A tengu warrior (D:15)
  A death yak (Lair:4)
  2 orc knights
  An ugly thing (D:13)
  A manticore (D:14)
  2 elephants
  A centaur zombie (D:13)
  A water nymph (shapeshifter) (D:15)
  4 black mambas
  2 spiny frogs
  3 komodo dragons
  3 trolls
  5 blink frogs (Lair:2)
  2 hippogriffs
  A bog body (Lair:4)
  A redback (Spider:1)
  2 wraiths (D:13)
  A shadow (D:13)
  A tarantella (Spider:1)
  11 yaks
  A wyvern (Lair:3)
  7 humans (D:13)
  3 vampire mosquitoes (D:13)
  A hungry ghost (D:13)
  4 swamp worms
  2 water moccasins
  5 porcupines
  A centaur (D:15)
  A phantom (D:13)
  9 wolves
  A crocodile (Lair:6)
  3 bullfrogs
  A killer bee (D:13)
  A howler monkey (D:13)
  A crimson imp (D:13)
  An orc priest (Orc:1)
  An orc wizard (Orc:1)
  3 orcs
  2 plants
103 creatures vanquished.

Vanquished Creatures (others)
  An ogre mage (Orc:2)
  An elephant (Lair:4)
  A blink frog (Lair:4)
  An ogre (D:5)
  4 electric eels
  An orc wizard (D:5)
  A bullfrog skeleton (D:5)
  A killer bee zombie (D:5)
  3 orcs (D:5)
  A jackal skeleton (D:5)
  A fungus (Lair:6)
  12 plants
28 creatures vanquished.

Grand Total: 846 creatures vanquished

Notes
Turn   | Place    | Note
-------+----------+-------------------------------------------
     0 | D:1      | GameOver the Naga Wizard began the quest for the Orb.
     0 | D:1      | Reached XP level 1. HP: 15/15 MP: 4/4
   105 | D:1      | Reached XP level 2. HP: 9/22 MP: 3/6
   655 | D:1      | Reached XP level 3. HP: 27/28 MP: 2/7
  1245 | D:2      | Noticed Sigmund
  1250 | D:2      | Learned a level 2 spell: Blink
  1254 | D:2      | Learned a level 3 spell: Mephitic Cloud
  1325 | D:2      | Reached skill level 1 in Poison Magic
  1325 | D:2      | Reached XP level 4. HP: 14/36 MP: 1/8
  2006 | D:3      | Noticed Jessica
  2014 | D:3      | Killed Jessica
  2014 | D:3      | Reached XP level 5. HP: 42/42 MP: 4/9
  2875 | D:3      | Reached skill level 5 in Conjurations
  2934 | D:3      | Reached XP level 6. HP: 49/49 MP: 6/10
  3086 | D:2      | Killed Sigmund
  3205 | D:4      | Learned a level 3 spell: Conjure Flame
  3208 | D:4      | Learned a level 2 spell: Slow
  3229 | D:4      | Reached XP level 7. HP: 55/55 MP: 6/11
  3451 | D:4      | Reached skill level 1 in Hexes
  3456 | D:4      | Found a blossoming altar of Fedhas.
  3487 | D:4      | Found an ornate altar of the Wu Jian Council.
  3835 | D:4      | Reached skill level 5 in Poison Magic
  4357 | D:5      | Entered Level 5 of the Dungeon
  4359 | D:5      | Found a glowing drain.
  4379 | D:5      | Reached XP level 8. HP: 62/62 MP: 13/13
  4390 | Sewer    | Entered a sewer
  4573 | D:5      | Reached skill level 5 in Stealth
  4667 | D:5      | Found a sacrificial altar of Ru.
  4731 | D:5      | Reached skill level 4 in Spellcasting
  4835 | D:5      | Noticed Pikel
  4848 | D:5      | Killed Pikel
  4858 | D:5      | Reached XP level 9. HP: 66/68 MP: 14/16
  5353 | D:5      | Reached skill level 5 in Spellcasting
  5458 | D:5      | Learned a level 3 spell: Dazzling Flash
  5782 | D:6      | Found Cimoub's Food Boutique.
  6073 | D:6      | Found a staircase to the Ecumenical Temple.
  6082 | Temple   | Entered the Ecumenical Temple
  6204 | Temple   | Became a worshipper of Warmaster Okawaru
  6453 | D:6      | Noticed Prince Ribbit
  6467 | D:6      | Killed Prince Ribbit
  6467 | D:6      | Reached skill level 6 in Spellcasting
  6670 | D:7      | Noticed Harold
  6710 | D:7      | Killed Harold
  6710 | D:7      | Reached * piety under Okawaru
  6710 | D:7      | Reached skill level 7 in Spellcasting
  6710 | D:7      | Reached XP level 10. HP: 60/84 MP: 20/20
  7069 | D:7      | Found an ancient bone altar of Kikubaaqudgha.
  7132 | D:7      | Reached ** piety under Okawaru
  7421 | D:7      | Got a spiked helmet
  7432 | D:7      | Identified the cursed +0 helmet of Xejoshitz {rElec rF+++
                  | rC+ Int-5} (You found it on level 7 of the Dungeon)
  7529 | D:7      | Reached skill level 5 in Fighting
  7529 | D:7      | Reached skill level 8 in Spellcasting
  7832 | D:8      | Reached *** piety under Okawaru
  8221 | D:8      | Found a shattered altar of Ashenzari.
  8221 | D:8      | Found a blossoming altar of Fedhas.
  8378 | D:8      | Noticed a gargoyle
  8382 | D:8      | Reached skill level 9 in Spellcasting
  8414 | D:8      | Reached skill level 1 in Invocations
  8513 | D:8      | Reached skill level 1 in Evocations
  8666 | D:8      | Noticed a cyclops
  8695 | D:8      | Killed a cyclops
  8707 | D:8      | Reached **** piety under Okawaru
  8777 | D:9      | Reached XP level 11. HP: 60/94 MP: 21/24
  9222 | D:9      | Reached ***** piety under Okawaru
  9682 | D:8      | Reached skill level 10 in Spellcasting
  9874 | D:10     | Entered Level 10 of the Dungeon
  9894 | D:10     | Got a faintly glowing dagger
  9897 | D:10     | Identified the +4 dagger "Texzik" {vorpal, rElec} (You
                  | found it on level 10 of the Dungeon)
  9954 | D:10     | Reached skill level 1 in Long Blades
 10162 | D:10     | Reached skill level 1 in Shields
 10287 | D:10     | Reached skill level 5 in Evocations
 10359 | D:10     | Found a staircase to the Lair.
 10645 | D:10     | Received a gift from Okawaru
 10770 | D:10     | Learned a level 4 spell: Summon Lightning Spire
 11393 | D:11     | Reached skill level 1 in Air Magic
 11595 | D:11     | Found a shadowy altar of Dithmenos.
 11761 | D:11     | Noticed an unseen horror
 11779 | D:11     | Killed an unseen horror
 11779 | D:11     | Received a gift from Okawaru
 12117 | D:12     | Noticed a six-headed hydra
 12127 | D:12     | Killed an eight-headed hydra
 12199 | D:12     | Noticed Snorg
 12214 | D:12     | Reached XP level 12. HP: 40/103 MP: 23/26
 12262 | D:12     | Killed Snorg
 12599 | D:12     | Reached skill level 5 in Summonings
 12632 | D:12     | Found a staircase to the Orcish Mines.
 12715 | D:12     | Reached skill level 1 in Armour
 12732 | D:12     | Reached skill level 5 in Air Magic
 13373 | Lair:1   | Entered Level 1 of the Lair of Beasts
 13487 | Lair:1   | Noticed a seven-headed hydra
 13499 | Lair:1   | Killed a seven-headed hydra
 13546 | Lair:1   | Noticed Erica
 13553 | Lair:1   | Killed Erica
 13553 | Lair:1   | Reached skill level 5 in Long Blades
 13587 | Lair:1   | Found the +10 morningstar "Eos" {elec, Halo rElec}
 13834 | Lair:1   | Received a gift from Okawaru
 14133 | Lair:1   | Found a glowing golden altar of the Shining One.
 14313 | Lair:2   | Reached skill level 1 in Maces & Flails
 14415 | Lair:2   | Noticed Nergalle
 14425 | Lair:2   | Killed Nergalle
 14485 | Lair:2   | Noticed a seven-headed hydra
 14503 | Lair:2   | Killed a seven-headed hydra
 15670 | Lair:3   | Gained mutation: You can use your snake-like lower body to
                  | constrict enemies. [Naga growth]
 15670 | Lair:3   | Reached XP level 13. HP: 109/109 MP: 21/27
 16286 | Lair:4   | Reached skill level 5 in Armour
 16600 | Lair:4   | Found a hole to the Spider Nest.
 16647 | Lair:4   | Found a staircase to the Swamp.
 16809 | Lair:4   | Received a gift from Okawaru
 16810 | Lair:4   | Got a scorched great sword {god gift}
 16811 | Lair:4   | Identified the +8 great sword "Giejoc" {vorpal, +Inv}
                  | (Okawaru gifted it to you on level 4 of the Lair of Beasts)
 17311 | Lair:4   | Learned a level 4 spell: Cause Fear
 17410 | Lair:5   | Found a staircase to the Slime Pits.
 17710 | Lair:5   | Received a gift from Okawaru
 17736 | Lair:5   | Found a shimmering altar of Xom.
 17847 | Lair:5   | Reached skill level 5 in Hexes
 17882 | Lair:5   | Found a viscous altar of Jiyva.
 18209 | D:13     | Found a gate to the Vaults.
 18245 | D:13     | Reached ****** piety under Okawaru
 18484 | D:13     | Reached XP level 14. HP: 116/117 MP: 28/28
 18568 | D:13     | Found a portal to a secret trove of treasure.
 19060 | D:13     | Received a gift from Okawaru
 19061 | D:13     | Got a pair of jewelled gloves {god gift}
 19067 | D:13     | Identified the +2 pair of gloves of Whack-A-Mole {Dex+3}
                  | (Okawaru gifted it to you on level 13 of the Dungeon)
 19747 | D:14     | Noticed Nessos
 19772 | D:14     | Killed Nessos
 20350 | D:15     | Entered Level 15 of the Dungeon
 20675 | D:15     | Identified Wiugy's Compendium of Bewitching Good Luck
 20709 | D:15     | Found Inaiph's Changing Room.
 20717 | D:15     | Bought a potion of mutation for 136 gold pieces
 20717 | D:15     | Bought a potion of lignification for 51 gold pieces
 20876 | D:15     | Found a staircase to the Depths.
 21471 | Orc:1    | Entered Level 1 of the Orcish Mines
 21500 | Orc:1    | Received a gift from Okawaru
 21765 | Orc:2    | Entered Level 2 of the Orcish Mines
 21991 | Orc:2    | Learned a level 5 spell: Iskenderun's Battlesphere
 22016 | Orc:2    | Reached skill level 1 in Charms
 22079 | Orc:2    | Found a staircase to the Elven Halls.
 22103 | Orc:2    | Found a bloodstained altar of Trog.
 22159 | Orc:2    | Reached skill level 11 in Spellcasting
 22274 | Orc:2    | Reached XP level 15. HP: 123/123 MP: 21/30
 22369 | Orc:2    | Reached skill level 5 in Charms
 22386 | Orc:2    | Found Duoppoudad's Book Boutique.
 22395 | Orc:2    | Found Zelohodi's Weapon Boutique.
 22397 | Orc:2    | Found Nacoan's Assorted Antiques.
 22407 | Orc:2    | Found Vecuith's Assorted Antiques.
 22411 | Orc:2    | Bought a scroll of amnesia for 94 gold pieces
 22411 | Orc:2    | Bought a scroll of remove curse for 81 gold pieces
 22411 | Orc:2    | Bought a scroll of identify for 54 gold pieces
 22411 | Orc:2    | Bought a potion of might for 108 gold pieces
 22411 | Orc:2    | Bought a scroll of enchant weapon for 202 gold pieces
 22417 | Orc:2    | Bought a scroll of identify for 78 gold pieces
 22417 | Orc:2    | Bought a potion of magic for 312 gold pieces
 22417 | Orc:2    | Bought a scroll labeled QAJUHA SANIE for 39 gold pieces
 22417 | Orc:2    | Bought a scroll of teleportation for 117 gold pieces
 22848 | Lair:6   | Entered Level 6 of the Lair of Beasts
 22958 | Lair:6   | Received a gift from Okawaru
 23590 | Lair:6   | Found a large runed translucent door.
 23590 | Lair:6   | Found a large runed translucent door.
 23778 | Lair:6   | Found a shattered altar of Ashenzari.
 24361 | Spider:1 | Entered Level 1 of the Spider Nest
 24451 | Spider:1 | Got a warped iron ring
 24712 | Spider:1 | Slain by a redback

Illustrated notes

Levels and vault maps discovered:
D:1:      lemuel_arrival_funnel, layout_loops_cross, minmay_bisected
D:2:      layout_rooms, uniq_sigmund
D:3:      layout_loops_ring, kennysheep_jessica_study
D:4:      layout_cave_pools, nicolae_overflow_crystal_walls, fedhas_altar_3
D:5:      layout_gridville, cheibrodos_sewer_entry_bend, first_ration,
          nicolae_ru_sacrificial_ziggurat, uniq_pikel
D:6:      layout_rooms, minmay_temple_entry_tees, serial_shops, shop,
          uniq_prince_ribbit1
D:7:      minmay_recursive_quarters, layout_basic, lemuel_crystal_altar,
          grunt_livestock, uniq_harold
D:8:      minmay_the_grid_octo_triangle [minmay_the_grid_octo_chip,
          minmay_the_grid_octo_prize_square_snowflake,
          minmay_the_grid_octo_fat_diamond], layout_basic,
          gammafunk_temple_overflow_elements
D:9:      layout_big_octagon, kennysheep_potato
D:10:     layout_layer_cave, dpeg_oklobed_lair
D:11:     layout_cave_pools, nicolae_dithmenos_shadow_blocks
D:12:     layout_loops_corners, erik_orc_2, uniq_snorg
D:13:     wad_woods_structure_01, layout_basic, david_vaults_3,
          nicolae_trove_entry_free_sample
D:14:     layout_basic, uniq_nessos
D:15:     gammafunk_enter_depths_forms, layout_grid_maze,
          nicolae_transmutations_shop, minmay_variable_closet
Temple:   dpeg_five_rooms_temple
Lair:1:   layout_cave_pods, basic_altar, worms_lemuel, uniq_erica
Lair:2:   layout_regular_city, patterned_corridor, uniq_nergalle
Lair:3:   layout_cave_pods, infiniplex_staircase_pool
Lair:4:   layout_loops_ring, nicolae_swamp_entry_splash_gauntlet,
          spider_nest_entry_webs, grunt_megastairs_1
Lair:5:   layout_regular_city, slime_altar_1, basic_altar
Lair:6:   cheibrodos_lair_end_hotspot, layout_regular_city, basic_altar
Spider:1: layout_spider_delve, uniq_nikola
Orc:1:    layout_caves
Orc:2:    st_orc_open, layout_caves, david_defended_altar_orc

Skill      XL: |  1  2  3  4  5  6  7  8  9 10 11 12 13 14 15 |
---------------+----------------------------------------------+-----
Conjurations   | 2 4 5 6 8 9 |  9.6
Poison Magic   | 1 2 3 4 5 7 9 |  9.0
Hexes          | 2 3 6 9 |  9.0
Stealth        | 4 7 9 |  9.0
Translocations | 2 3 |  3.0
Spellcasting   | 4 7 9 10 11 | 11.8
Fighting       | 3 5 |  5.0
Invocations    | 2 3 |  3.0
Evocations     | 2 5 |  5.0
Long Blades    | 4 5 6 |  6.0
Shields        | 2 |  2.1
Air Magic      | 3 6 9 |  9.0
Summonings     | 3 6 9 |  9.0
Armour         | 3 5 |  5.0
Maces & Flails | 3 |  3.0
Charms         | 3 7 |  7.8
Dodging        | |  1.5

Action                   |  1- 3 |  4- 6 |  7- 9 | 10-12 | 13-15 || total
-------------------------+-------+-------+-------+-------+-------++-------
Melee: Dagger            |     2 |    22 |   101 |   175 |       ||   300
       Short sword       |     1 |     6 |       |       |       ||     7
       Trident           |       |       |    19 |    97 |       ||   116
       Scimitar          |       |       |       |   312 |   926 ||  1238
       Morningstar       |       |       |       |     2 |       ||     2
       Punch             |       |       |       |     1 |     8 ||     9
       Constrict         |       |       |       |       |   206 ||   206
 Cast: Magic Dart        |    49 |    35 |   136 |   285 |    97 ||   602
       Mephitic Cloud    |       |     3 |    35 |   100 |   134 ||   272
       Conjure Flame     |       |     1 |     5 |    47 |     8 ||    61
       Blink             |       |       |     2 |    18 |    29 ||    49
       Dazzling Flash    |       |       |     1 |    13 |     8 ||    22
       Slow              |       |       |       |    17 |    10 ||    27
       Summon Lightning  |       |       |       |    27 |    48 ||    75
       Cause Fear        |       |       |       |       |     1 ||     1
       Iskenderun's Batt |       |       |       |       |    15 ||    15
Invok: Heroism           |       |       |       |    13 |    31 ||    44
       Finesse           |       |       |       |       |     2 ||     2
 Abil: Spit Poison       |    38 |    27 |    73 |   177 |   143 ||   458
Evoke: Wand              |       |       |       |     9 |    13 ||    22
       Lightning rod     |       |       |       |       |     2 ||     2
  Use: Scroll            |       |     3 |    10 |    19 |     7 ||    39
       Potion            |       |       |       |     3 |     1 ||     4
 Stab: Confused          |       |     1 |    17 |    28 |    74 ||   120
       Sleeping          |       |       |     1 |     6 |     2 ||     9
       Invisible         |       |       |     1 |     3 |     6 ||    10
       Distracted        |       |       |       |     2 |     7 ||     9
  Eat: Chunk             |     2 |     7 |    15 |    35 |    26 ||    85
       Ration            |       |       |       |       |     4 ||     4
Armor: Robe              |     5 |     3 |    15 |   142 |       ||   165
       Troll leather arm |       |       |       |    36 |   393 ||   429
Dodge: Dodged            |    26 |    25 |    34 |   238 |   267 ||   590
Block: Other             |       |       |       |    17 |   150 ||   167
       Reflection        |       |       |       |       |     8 ||     8
       Rpst.: Scimitar   |       |       |       |    31 |    55 ||    86
